 Dungeon Crawl Stone Soup version 0.17-a0-1575-g9a29ec8 (webtiles) character file.

163 urechis the Skirmisher (level 5, -6/34 HPs)
             Began as a Gargoyle Fighter on July 26, 2015.
             Mangled by an ogre
             ... wielding a +0 giant club
              (17 damage)
             ... on level 4 of the Dungeon.
             The game lasted 00:04:40 (2149 turns).

urechis the Skirmisher (Gargoyle Fighter)           Turns: 2149, Time: 00:04:40

Health: -6/34      AC: 13    Str: 20    XL:     5   Next: 44%
Magic:  5/5        EV:  2    Int:  9    God:
Gold:   172        SH:  9    Dex:  9    Spells: 0 memorised, 4 levels left

rFire  . . .     SeeInvis .     a - +0 flail
rCold  . . .     Clarity  .     b - +0 scale mail
rNeg   + . .     SustAt   .     c - +0 shield
rPois  ∞         Gourm    .     f - +0 helmet
rElec  +         Spirit   .     (no cloak)
rCorr  .         Warding  .     (no gloves)
rMut   .         Stasis   .     o - +0 pair of boots
MR     .....                    (no amulet)
Stlth  ..........               (no ring)
                                (no ring)

@: not resistant to hostile enchantments, extremely unstealthy
A: negative energy resistance 1, electricity resistance, unbreathing,
petrification resistance, rot immunity, AC +4
a: no special abilities


You were on level 4 of the Dungeon.
You were hungry.

You visited 1 branch of the dungeon, and saw 4 of its levels.

You collected 172 gold pieces.

Inventory:

Hand weapons
 a - a +0 flail (weapon)
Armour
 b - a +0 scale mail (worn)
 c - a +0 shield (worn)
 f - a +0 helmet (worn)
 o - a +0 pair of boots (worn)
Scrolls
 g - a scroll of enchant weapon {unknown}
 h - 4 scrolls of identify {unknown}
 i - 2 scrolls of remove curse {unknown}
 j - 2 scrolls of recharging {unknown}
 k - 2 scrolls of blinking {unknown}
 l - a scroll of random uselessness {unknown}
 m - a scroll of magic mapping {unknown}
 p - a scroll of teleportation {unknown}
 t - a scroll of fear {unknown}
Potions
 d - a potion of might
 r - a potion of invisibility {unknown}
 s - 2 potions of ambrosia {unknown}
Comestibles
 e - 2 bread rations
 n - a royal jelly
 q - a beef jerky


   Skills:
 + Level 4.7 Fighting
 * Level 4.4 Maces & Flails
 - Level 3.2 Armour
 - Level 3.2 Shields


You had 4 spell levels left.
You didn't know any spells.

Dungeon Overview and Level Annotations

Branches:
Dungeon (4/15)
 Temple: D:4-7

Altars:
Kikubaaqudgha
Qazlal
Sif Muna
The Shining One


Innate Abilities, Weirdness & Mutations

You are resistant to torment.
Your stone body is resilient (AC +4).
You are immune to poison.
You resist negative energy.
You are resistant to electric shocks.
You can survive without breathing.
You are immune to petrification.
You are immune to rotting.


Message History

You finish putting on your +0 shield.
You hit the ogre.
The ogre is lightly wounded.
You block the ogre's attack.
Your shield and scale mail prevent you from hitting the ogre.
The ogre is lightly wounded.
The ogre hits you with a giant club.
You hit the ogre.
The ogre is lightly wounded.
The ogre hits you with a giant club!!
Ouch! That really hurt!
* * * LOW HITPOINT WARNING * * *
You are too injured to fight recklessly!
You are feeling hungry.
You see here a quokka corpse.
You see here a robe.
There is a stone staircase leading up here.
The ogre hits you with a giant club!
Ouch! That really hurt!
You die...

...........##.##.#.............#
...........##.##.#.........#####
...........##.##.#.........#
##########.##.##.#.........#
########.##.##.#÷........#
#........##.##.#.........#
#.######.##.[..'>........#
#.#####O#.........# #.######.#
#@#.........# #........#
#.#.........# #.########
#.#.........# #.########## ###


You could see an ogre.

Vanquished Creatures
  An iguana (D:4)
  4 adders
  A shadow imp (D:3)
  An ooze (D:2)
  3 worms
  2 giant geckos (D:2)
  2 orcs (D:3)
  A ball python (D:3)
  10 giant cockroaches
  9 hobgoblins
  5 quokkas
  9 bats
  7 giant newts
  9 goblins
  2 jackals (D:3)
  8 kobolds
  6 rats
80 creatures vanquished.

Notes
Turn   | Place    | Note
--------------------------------------------------------------
     0 | D:1      | urechis the Gargoyle Fighter began the quest for the Orb.
     0 | D:1      | Reached XP level 1. HP: 14/14 MP: 1/1
   311 | D:1      | Reached XP level 2. HP: 16/19 MP: 2/2
   691 | D:2      | Reached XP level 3. HP: 21/24 MP: 3/3
   808 | D:2      | Reached skill level 4 in Fighting
   855 | D:2      | Found a deep blue altar of Sif Muna.
   857 | D:2      | Found a glowing golden altar of the Shining One.
   857 | D:2      | Found an ancient bone altar of Kikubaaqudgha.
   897 | D:2      | Reached XP level 4. HP: 22/29 MP: 4/4
  1146 | D:2      | Found a stormy altar of Qazlal.
  1727 | D:3      | Reached XP level 5. HP: 31/34 MP: 5/5
  2117 | D:4      | Noticed an ogre
  2149 | D:4      | Mangled by an ogre

Vault maps used:
D:1:      lightli_arrival_maybe_door_vault, serial_forest,
          infiniplex_forest_corner_1, infiniplex_forest_diagonal,
          infiniplex_forest_clump_diagonal, infiniplex_forest_lined_4_way
D:2:      grunt_qazlal_clouds, gammafunk_temple_overflow_forgotten,
          corexii_item_surrounded_by_moat
D:3:      first_bread, st_stairs_5
D:4:      grunt_temple_overflow_diamond, minmay_fountain_box

Action                   |  1- 3 |  4- 6 || total
-------------------------+-------+-------++-------
Melee: Flail             |   138 |   129 ||   267
  Eat: Chunk             |       |     4 ||     4
